 Dungeon Crawl Stone Soup version 0.18.1-48-g4cf74bf (webtiles) character file.

89 Alarkh the Shooter (level 4, -2/33 HPs)
             Began as a Mummy Hunter on Aug 12, 2016.
             Slain by Natasha (7 damage)
             ... on level 3 of the Dungeon.
             The game lasted 00:02:25 (1706 turns).

Alarkh the Shooter (Mummy Hunter)                   Turns: 1706, Time: 00:02:26

Health: -2/33      AC:  5    Str: 15    XL:     4   Next: 31%
Magic:  4/4        EV:  3    Int: 11    God:
Gold:   90         SH:  0    Dex: 12    Spells: 0 memorised, 3 levels left

rFire  x . .     SeeInvis .     a - +1 shortbow
rCold  + . .     Gourm    .     c - +0 leather armour
rNeg   + + +     Faith    .     (shield currently unavailable)
rPois  ∞         Spirit   .     (no helmet)
rElec  .         Dismiss  .     e - +0 cloak
rCorr  .         Reflect  .     (no gloves)
SustAt .         Harm     .     h - +0 pair of boots
MR     .....                    (no amulet)
Stlth  +.........               o - ring of wizardry
                                i - -3 ring of evasion (curse)

@: not resistant to hostile enchantments, very unstealthy
A: no food or potions, fire vulnerability, cold resistance 1, negative energy
resistance 3, torment resistance, unbreathing
a: no special abilities


You were on level 3 of the Dungeon.
You were not hungry.

You visited 1 branch of the dungeon, and saw 3 of its levels.

You collected 90 gold pieces.

Inventory:

Hand Weapons
 a - a +1 shortbow (weapon)
 b - a +0 short sword
Missiles
 d - 28 arrows (quivered)
Armour
 c - a +0 leather armour (worn)
 e - a +0 cloak (worn)
 h - a +0 pair of boots (worn)
Jewellery
 i - a cursed -3 ring of evasion (left hand)
 o - a ring of wizardry (right hand)
Scrolls
 f - a scroll of teleportation
 g - a scroll of remove curse
 j - a scroll of amnesia {unknown}
 k - a scroll of enchant weapon {unknown}
 l - 2 scrolls of fog {unknown}
 m - a scroll of enchant armour {unknown}
 n - a scroll of recharging {unknown}


   Skills:
 - Level 2.0 Fighting
 + Level 4.8 Bows
 - Level 1.5 Dodging
 - Level 0.7 Stealth


You had 3 spell levels left.
You didn't know any spells.

Dungeon Overview and Level Annotations

Branches:
Dungeon (3/15)

Altars:
Fedhas

Annotations:
D:3 Natasha


Innate Abilities, Weirdness & Mutations

You do not eat or drink.
Your flesh is vulnerable to fire.
You are immune to poison.
Your flesh is cold resistant.
You are immune to negative energy.
You are immune to unholy pain and torment.
You can survive without breathing.


Message History

Aim: Natasha You shoot an arrow.
The arrow hits Natasha!
Natasha is almost dead.
Natasha claws you. The white imp completely misses you.
Firing (i - inventory):
d - 30 arrows (quivered)
Press: ? - help, Shift-Dir - straight line, f/p - Natasha
Aim: Natasha (almost dead)
You shoot an arrow. The arrow closely misses Natasha.
The white imp gestures at you. The puff of frost hits you! You resist.
Natasha casts a spell at you. The magic dart hits you!
Firing (i - inventory):
d - 29 arrows (quivered)
Press: ? - help, Shift-Dir - straight line, f/p - Natasha
Aim: Natasha (almost dead)
You shoot an arrow. The arrow barely misses Natasha.
Natasha claws you.
* * * LOW HITPOINT WARNING * * *
The white imp hits you but does no damage.
Natasha claws you!
You die...

. #.# ... #.#
### ... ..# #
###.
#.##.##.# #..
#(h@....# #%#
###5.####
###.## #.##
.....########
#.#
............#
#.#
..)..#.....>#
#.#
#.#.##......#
##.#
#.####......#
#..# #.#
#.....># #.##


You could see Natasha and a white imp.

Vanquished Creatures
  3 adders
  2 oozes (D:2)
  A dart slug (D:2)
  2 giant geckos (D:1)
  4 bats
  5 giant cockroaches
  9 hobgoblins
  6 kobolds
  2 quokkas
  A ball python (D:1)
  4 giant newts
  2 goblins
  7 rats
48 creatures vanquished.

Notes
Turn   | Place    | Note
--------------------------------------------------------------
     0 | D:1      | Alarkh the Mummy Hunter began the quest for the Orb.
     0 | D:1      | Reached XP level 1. HP: 16/16 MP: 1/1
   163 | D:1      | Reached XP level 2. HP: 21/22 MP: 2/2
   774 | D:1      | Reached skill level 4 in Bows
   892 | D:2      | Reached XP level 3. HP: 27/27 MP: 3/3
  1409 | D:2      | Reached XP level 4. HP: 33/33 MP: 4/4
  1566 | D:3      | Found a blossoming altar of Fedhas.
  1699 | D:3      | Noticed Natasha
  1706 | D:3      | Slain by Natasha

Skill      XL: |  1  2 |
---------------+-------+-----
Bows           | 4 |  4.8
Fighting       | |  2.0
Dodging        | |  1.5
Stealth        | |  0.7

Action                   |  1- 3 |  4- 6 || total
-------------------------+-------+-------++-------
Melee: Short sword       |     2 |       ||     2
 Fire: Shortbow          |   115 |    40 ||   155
  Use: Scroll            |     2 |       ||     2
Armor: Leather armour    |    15 |     9 ||    24
Dodge: Dodged            |    14 |     8 ||    22
